 Dungeon Crawl Stone Soup version 0.32-a0-779-g362cfcae2a (webtiles) character file.

Game seed: 6405702467818705599

1035 ezpacito the Trooper (level 8, -1/61 HPs)
             Began as a Coglin Chaos Knight on Mar 19, 2024.
             Was a Plaything of Xom.
             Slain by a vampire mosquito (4 damage)
             ... on level 6 of the Dungeon.
             The game lasted 00:04:54 (4758 turns).

ezpacito the Trooper (Coglin Chaos Knight)          Turns: 4758, Time: 00:04:55

Health: -1/61      AC: 11    Str: 14    XL:     8   Next: 24%
Magic:  3/3        EV:  7    Int: 12    God:    Xom [...*..]
Gold:   208        SH:  0    Dex: 14    Spells: 7/11 levels left

rFire   . . .        a - +0 hand axe (chaos) {Ramón}
rCold   . . .        d - +2 mace (antimagic) {Iltani}
rNeg    . . .        y - +0 chain mail
rPois   .            n - +0 hat
rElec   .            k - +0 cloak
rCorr   .            x - +0 pair of gloves
SInv    .            (no boots)
Will    .....        (amulet unavailable) Stlth
                     (ring unavailable)
HPRegen 0.30/turn    (ring unavailable)
MPRegen 0.08/turn    (no gizmo)

%: no passive effects
@: revving
A: off-hand wielding, slow wielding, warmup strikes, no jewellery
a: Invent Gizmo, Renounce Religion


You were on level 6 of the Dungeon.
You worshipped Xom.
You were a favourite toy of Xom.
You visited 2 branches of the dungeon, and saw 8 of its levels.

You collected 208 gold pieces.

Inventory:

Hand Weapons
 a - a +0 hand axe of chaos (weapon) {Ramón}
 d - a +2 antimagic mace (offhand) {Iltani}
 f - a +1 whip of electrocution {Yuphin}
Missiles
 p - 5 boomerangs (quivered)
 u - 7 poisoned darts
Armour
 j - a +0 plate armour
 k - a +0 cloak (worn)
 n - a +0 hat (worn)
 x - a +0 pair of gloves (worn)
 y - a +0 chain mail (worn)
Magical Staves
 w - a staff of fire
Wands
 l - a wand of polymorph (11)
 s - a wand of flame (24)
Scrolls
 b - a scroll of immolation
 e - a scroll of fog
 g - a scroll of silence {unknown}
 m - a scroll of vulnerability {unknown}
 o - a scroll of revelation {unknown}
 t - a scroll of teleportation
 z - a scroll of noise {unknown}
Potions
 c - a potion of enlightenment {unknown}
 h - 2 potions of haste
 q - a potion of attraction {unknown}
 r - a potion of brilliance
 v - a potion of degeneration {unknown}


   Skills:
 * Level 4.8 Fighting
 * Level 4.8(5.1) Axes
 + Level 2.2(3.6) Polearms
 * Level 3.7 Armour
 * Level 3.4 Dodging
 + Level 2.1 Stealth
 + Level 2.0 Spellcasting
 + Level 1.0 Alchemy
 + Level 2.8 Evocations


You had 7 spell levels left.
You knew the following spells:

 Your Spells              Type           Power      Damage    Failure   Level
a - Fulminant Prism       Conj/Alch      1%         3d5       100%        4

Your spell library contained the following spells:

 Spells                   Type           Power      Damage    Failure   Level
 Magic Dart               Conj           4%         1d3       99%         1
 Searing Ray              Conj           2%         2d4       99%         2


Dungeon Overview and Level Annotations

Branches:
Dungeon (7/15)             Temple (1/1) D:4

Altars:
Ashenzari
Dithmenos
Hepliaklqana
Kikubaaqudgha
Makhleb
Nemelex Xobeh
Okawaru
Ru
Sif Muna
Trog
Uskayaw
Vehumet
Wu Jian
Xom

Shops:
D:2 [


Innate Abilities, Weirdness & Mutations

You can wield a second weapon in your off-hand.
It takes a long time for you to wield or remove held weapons.
Your first few attacks do less damage.
You cannot equip rings or amulets.


Message History

The vampire mosquito is lightly damaged.
You hit the vampire mosquito with your +0 hand axe of chaos.
The vampire mosquito convulses.
You closely miss the vampire mosquito with your +0 hand axe of chaos.
You hit the vampire mosquito but do no damage.
The vampire mosquito bites you.
The vampire mosquito draws strength from your injuries!
The vampire mosquito bites you.
The vampire mosquito draws strength from your injuries!
The vampire mosquito bites you!
* * * LOW HITPOINT WARNING * * *
The vampire mosquito draws strength from your injuries!
The vampire mosquito bites you.
* * * LOW HITPOINT WARNING * * *
The vampire mosquito draws strength from your injuries!
The vampire mosquito bites you but does no damage.
Your white imp hits the vampire mosquito.
Your white imp freezes the vampire mosquito.
The vampire mosquito bites you.
* * * LOW HITPOINT WARNING * * *
The vampire mosquito draws strength from your injuries!
You take 22 damage, and have 8/61 hp.
MASSIVE DAMAGE!!
Okay, then.
Okay, then.
Okay, then.
Okay, then.
As you read the scroll labelled YKLASTR XEAWN, it crumbles to dust.
The creatures around you are filled with an inner flame!
It was a scroll of immolation.
The vampire mosquito bites you.
* * * LOW HITPOINT WARNING * * *
The vampire mosquito draws strength from your injuries!
The vampire mosquito bites you but does no damage.
The vampire mosquito bites you.
* * * LOW HITPOINT WARNING * * *
The vampire mosquito draws strength from your injuries!
The vampire mosquito bites you but does no damage. x2
Your white imp barely misses the vampire mosquito.
The vampire mosquito bites you.
You die...
Xom guffaws!

* ,,,,, ,,*#......###.. *
..........# #.......#... *
,,,,..........##...#........
, *,
..............*#....#..# ,,,
, ............####....####
** **,,............##.....##
, ,.......§...........##
,,,, ,......y5)...........#
,, ......y@§....##..#..#
,,,........y...##.).#### ,
.......!........## ,,
..........##..#.# ,, ,
........####..### , ,
,.......## #### , ,,,
.....## * , *,,.....*** * ,,
,.....,,*


You could see 3 vampire mosquitoes and a friendly white imp (summoned, inner
flame).

Vanquished Creatures
  A water moccasin (D:6)
  An ogre (D:6)
  An ice beast (D:5)
  A phantom (D:3)
  2 bullfrogs
  A bombardier beetle (D:5)
  2 jellies
  5 hounds (D:5)
  A sleepcap (D:6)
  2 iguanas (D:5)
  3 orc wizards
  3 gnolls (D:5)
  3 adders
  2 shadow imps
  3 dart slugs
  A ribbon worm (D:5)
  15 orcs
  5 ball pythons
  4 bats
  7 endoplasms
  2 giant cockroaches
  5 goblins
  2 hobgoblins
  7 kobolds
  2 quokkas
  2 frilled lizards
  3 rats
86 creatures vanquished.

Notes
Turn   | Place    | Note
-------+----------+-------------------------------------------
     0 | D:1      | ezpacito the Coglin Chaos Knight began the quest for the
                  | Orb.
     0 | D:1      | Reached XP level 1. HP: 18/18 MP: 1/1
    55 | D:1      | Reached skill level 1 in Dodging
   206 | D:1      | Reached XP level 2. HP: 24/24 MP: 2/2
   343 | D:1      | XOM: silly message
   539 | D:2      | Reached XP level 3. HP: 29/29 MP: 3/3
   560 | D:2      | XOM: butterfly on damage
   728 | D:2      | Reached XP level 4. HP: 35/35 MP: 5/5
   860 | D:2      | Found Saequcw's Antique Armour Shop.
  1008 | D:2      | XOM: cloud trail
  1357 | D:2      | XOM: silly message
  1413 | D:2      | XOM: torment (19/35 hp)
  1737 | D:3      | Noticed a phantom
  1746 | D:3      | Killed a phantom
  1747 | D:3      | Reached skill level 1 in Polearms
  1747 | D:3      | Reached skill level 1 in Stealth
  1747 | D:3      | Reached skill level 1 in Spellcasting
  1747 | D:3      | Reached XP level 5. HP: 41/42 MP: 6/6
  1838 | D:3      | Reached skill level 1 in Evocations
  1936 | D:3      | XOM: 2-stop teleportation journey
  2135 | D:3      | XOM: summons 3 hostile demons
  2136 | D:3      | Noticed a smoke demon
  2222 | D:3      | XOM: blink monster(s)
  2226 | D:3      | Reached XP level 6. HP: 43/48 MP: 7/7
  2360 | D:3      | Found a faded altar of an unknown god.
  2435 | D:4      | You fall into a shaft and drop 3 floors!
  2440 | D:7      | Noticed a water moccasin
  2441 | D:7      | XOM: silly message
  2442 | D:7      | XOM: 1-stop teleportation journey
  2484 | D:6      | XOM: enchant monster (bad)
  2485 | D:5      | Entered Level 5 of the Dungeon
  2671 | D:4      | Found a staircase to the Ecumenical Temple.
  2717 | D:4      | XOM: stat loss: -1 Int (10/11)
  2727 | D:4      | Found a shimmering altar of Xom.
  2759 | Temple   | Entered the Ecumenical Temple
  2931 | D:4      | Found a hide-covered altar of Uskayaw.
  2935 | D:4      | Found a hazy altar of Hepliaklqana.
  2944 | D:4      | Found a burning altar of Makhleb.
  2944 | D:4      | Found a broken altar of Ashenzari.
  2944 | D:4      | Found a shadowy altar of Dithmenos.
  2947 | D:4      | Found a bloodstained altar of Trog.
  2948 | D:4      | Found a sacrificial altar of Ru.
  3253 | D:4      | XOM: summons 4 hostile demons
  3254 | D:4      | Noticed a chaos spawn
  3254 | D:4      | Noticed an orange demon
  3299 | D:4      | XOM: noise
  3699 | D:5      | Reached XP level 7. HP: 53/54 MP: 3/9
  3895 | D:5      | XOM: draining
  3924 | D:5      | XOM: scenery: 2 doors close
  4174 | D:5      | XOM: enchant monster (bad)
  4178 | D:5      | XOM: smoke on damage
  4186 | D:5      | Learned a level 4 spell: Fulminant Prism
  4332 | D:5      | XOM: confuse monster(s)
  4597 | D:6      | XOM: confuse monster(s)
  4602 | D:6      | XOM: god gift: scroll labelled PUMUEZ CETO {god gift}
  4606 | D:6      | Reached XP level 8. HP: 25/61 MP: 3/10
  4610 | D:6      | XOM: divination: magic mapping
  4618 | D:6      | Reached skill level 1 in Alchemy
  4746 | D:6      | Noticed Pikel
  4747 | D:6      | Pikel changed into Pikel the orc
  4747 | D:6      | Noticed Pikel
  4747 | D:6      | XOM: polymorph Pikel -> Pikel the orc
  4748 | D:6      | XOM: summons friendly white imp
  4755 | D:6      | Killed Pikel the orc
  4758 | D:6      | HP: 3/61 [vampire mosquito (4)]
  4758 | D:6      | Slain by a vampire mosquito

Illustrated notes

Levels and vault maps discovered:
D:1:      lightli_arrival_chessboard, layout_rooms, dreamdust_princess_corridor,
          ebering_dispersal_statue_hall
D:2:      layout_basic, serial_shops, nicolae_shop_trees, hex_intersection,
          chequers_serial_rivers_micro_e
D:3:      layout_basic, shapermc_ecumenical_altar_petra
D:4:      layout_gridville, minitemple, lemuel_tele_altar,
          minmay_temple_entry_enclosed_plants
D:5:      layout_gridville
D:6:      layout_cave_pools, kennysheep_generic_room_6, uniq_pikel
D:7:      layout_cave_pods, uniq_jeremiah
Temple:   hellmonk_temple_rainy

Skill      XL: |  1  2  3  4  5  6  7  8 |
---------------+-------------------------+-----
Dodging        | 1 2 3 |  3.4
Armour         | 2 3 |  3.7
Polearms       | 1 2 |  2.2
Stealth        | 1 2 |  2.1
Spellcasting   | 1 2 |  2.0
Evocations     | 1 2 |  2.8
Fighting       | 4 |  4.8
Axes           | 4 |  4.8
Alchemy        | 1 |  1.0

Action                     |  1- 3 |  4- 6 |  7- 9 || total
---------------------------+-------+-------+-------++-------
  Melee: Hand axe          |    37 |    75 |    75 ||   187
         Dagger            |    35 |     4 |       ||    39
         Whip              |       |    65 |       ||    65
         Mace              |       |     7 |    75 ||    82
  Evoke: Wand              |       |       |     3 ||     3
    Use: Scroll            |     2 |     6 |     4 ||    12
         Potion            |       |     1 |       ||     1
   Stab: Petrified         |       |     2 |       ||     2
         Confused          |       |     2 |     2 ||     4
 Armour: Leather armour    |    12 |       |       ||    12
         Chain mail        |    20 |    92 |   101 ||   213
  Dodge: Dodged            |    24 |    36 |    32 ||    92

Table legend: (Time is in decaauts)
 A = Elapsed time spent in this place.
 B = Non-inter-level travel time spent in this place.
 C = Inter-level travel time spent in this place.
 D = Time resting spent in this place.
 E = Time spent auto-exploring this place.
 F = Levels seen in this place.
 G = Mean time per level.
                   A        B        C        D        E       F      G
               +--------+--------+--------+--------+--------+-----+--------+
         Total |   4783 |   4471 |    312 |    140 |   3618 |   8 |  597.9 |
       Dungeon |   4781 |   4470 |    311 |    140 |   3618 |   7 |  683.0 |
        Temple |      1 |      1 |      0 |      0 |      0 |   1 |    1.0 |
               +--------+--------+--------+--------+--------+-----+--------+

Top non-repeatable levels by time:
     D:4: 1036 daAuts
     D:2: 1024 daAuts
     D:5: 1011 daAuts
     D:3: 827 daAuts
     D:1: 581 daAuts
     D:6: 257 daAuts
     D:7: 43 daAuts
  Temple: 1 daAuts
